 Dungeon Crawl Stone Soup version 0.28.0-53-g5a82cb258f (webtiles) character file.

Game seed: 1919968330341032815

570 Kangaroobicon the Chopper (level 7, -1/57 HPs)
             Began as a Palentonga Fighter on May 28, 2022.
             Succumbed to a water moccasin's poison
             ... on level 5 of the Dungeon.
             The game lasted 00:24:06 (2916 turns).

Kangaroobicon the Chopper (Palentonga Fighter)      Turns: 2916, Time: 00:24:06

Health: -1/57      AC:  6    Str: 19    XL:     7   Next: 11%
Magic:  7/7        EV:  9    Int: 12    God:
Gold:   110        SH:  4    Dex: 12    Spells: 6/6 levels left

rFire   . . .      SeeInvis +   a - +0 war axe
rCold   . . .      Faith    .   c - +0 buckler
rNeg    . . .      Spirit   .   o - +2 robe "Ymmoetz" {Int+4 Slay+3}
rPois   .          Reflect  .   (no helmet)
rElec   .          Harm     .   (no cloak)
rCorr   .          Rampage  .   (no gloves)
Will    .....                   (no barding)
Stlth   +.........              (no amulet)
HPRegen 0.19/turn               (no ring)
MPRegen 0.10/turn               (no ring)

@: lethally poisoned (-1 -> -19)
A: large, rugged brown scales 3, see invisible, deformed body, roll 1, armoured
tail, reflexive curl
a: Rolling Charge


You were on level 5 of the Dungeon.
You visited 1 branch of the dungeon, and saw 5 of its levels.

You collected 110 gold pieces.

Inventory:

Hand Weapons
 a - a +0 war axe (weapon)
Armour
 c - a +0 buckler (worn)
 i - a scarf of shadows
 o - the +2 robe "Ymmoetz" (worn) {Int+4 Slay+3}
   (You found it on level 3 of the Dungeon)

   Int:       It affects your intelligence (+4).
   Slay:      It affects your accuracy & damage with ranged weapons and melee
   (+3).
Wands
 m - a wand of digging (6)
Scrolls
 e - a scroll of immolation {unknown}
 f - a scroll of acquirement {unknown}
 g - 2 scrolls of enchant weapon
 h - 3 scrolls of amnesia {unknown}
 j - 2 scrolls of vulnerability {unknown}
Potions
 b - 2 potions of curing {unknown}
 d - a potion of heal wounds
 k - a potion of lignification {unknown}
 l - 2 potions of haste


   Skills:
 + Level 4.3 Fighting
 + Level 5.4 Axes
 + Level 3.5 Armour
 + Level 1.0 Dodging
 + Level 0.1 Stealth
 + Level 3.3 Shields


You had 6 spell levels left.
You didn't know any spells.
Your spell library was empty.

Dungeon Overview and Level Annotations

Branches:
Dungeon (5/15)
 Temple: D:4-7

Altars:


Innate Abilities, Weirdness & Mutations

You are completely covered in rugged brown scales. (AC +3, +7% HP)
You have supernaturally acute eyesight. (SInv)
Armour fits poorly on your strangely shaped body.
You can roll at nearby foes to attack.
You have a long armoured tail.
You curl defensively after being hit. (AC +7*)


Message History

You resist with some effort.
An adder zombie comes into view.
You closely miss the water moccasin. You tail-slap the water moccasin.
The water moccasin is moderately wounded.
You hit the orc but do no damage. You hit the orc wizard.
You kill the orc wizard!
You feel very sick.
The water moccasin bites you but does no damage.
The orc closely misses you. The water moccasin bites you.
The orc barely misses you.
You hit the water moccasin.
The water moccasin is moderately wounded.
You hit the orc but do no damage. x2
You feel very sick. The water moccasin bites you.
* * * LOW HITPOINT WARNING * * *
You are lethally poisoned!
The water moccasin poisons you! The orc hits you with a +0 short sword.
* * * LOW HITPOINT WARNING * * *
The orc completely misses you. You block the water moccasin's attack.
You feel much better.
You feel very sick. The water moccasin bites you.
The orc completely misses you. The orc barely misses you.
You slash the water moccasin!
The water moccasin is severely wounded.
You barely miss the orc. x2
You feel very sick. The water moccasin bites you.
The orc hits you but does no damage. You block the orc's attack.
The water moccasin bites you.
* * * LOW HITPOINT WARNING * * *
You are lethally poisoned!
The water moccasin poisons you!
* * * LOW HITPOINT WARNING * * *
You feel very sick.
* * * LOW HITPOINT WARNING * * *
You feel very sick. The water moccasin bites you.
* * * LOW HITPOINT WARNING * * *
You die...

......#.....
.....#.....
..#.......
####.#.......
###....))..#
#.#...ZZ###
##....oo...#
#......S##.....
#.<..@...###..[#
##...###..# ..#
##.## #..# .#
#># .#.. # ###
...... ##... .


You could see a water moccasin, 2 orcs, an adder zombie and a centaur skeleton.

Vanquished Creatures
  2 ogres (D:4)
  A bullfrog (D:3)
  A hound (D:4)
  2 orc priests
  Ijyb (D:3)
  An orc wizard (D:5)
  A hound skeleton (D:4)
  A howler monkey zombie (D:3)
  6 gnolls
  2 adders
  2 worms
  3 dart slugs
  6 orcs
  8 endoplasms
  3 giant cockroaches
  18 goblins
  6 hobgoblins
  3 quokkas
  4 ball pythons
  11 bats
  2 frilled lizards
  8 kobolds
  2 rats (D:1)
94 creatures vanquished.

Notes
Turn   | Place    | Note
-------+----------+-------------------------------------------
     0 | D:1      | Kangaroobicon the Palentonga Fighter began the quest for
                  | the Orb.
     0 | D:1      | Reached XP level 1. HP: 19/19 MP: 1/1
    68 | D:1      | Reached XP level 2. HP: 19/25 MP: 2/2
   340 | D:1      | Reached XP level 3. HP: 12/31 MP: 3/3
  1443 | D:2      | Reached skill level 3 in Axes
  1644 | D:3      | Reached XP level 4. HP: 37/37 MP: 4/4
  1674 | D:3      | Noticed a bullfrog
  1687 | D:3      | Killed a bullfrog
  1688 | D:3      | Reached XP level 5. HP: 41/43 MP: 5/5
  1891 | D:3      | Noticed Ijyb
  1910 | D:3      | Killed Ijyb
  1977 | D:3      | Found a faded altar of an unknown god.
  1985 | D:3      | Identified the +2 robe "Ymmoetz" {Int+4 Slay+3}
  2312 | D:4      | Noticed an ogre
  2313 | D:4      | Killed an ogre
  2314 | D:4      | Reached skill level 4 in Axes
  2314 | D:4      | Reached XP level 6. HP: 51/51 MP: 6/6
  2774 | D:4      | Reached skill level 5 in Axes
  2774 | D:4      | Reached skill level 1 in Dodging
  2774 | D:4      | Gained mutation: You curl defensively after being hit. (AC
                  | +7*) [Palentonga growth]
  2774 | D:4      | Reached XP level 7. HP: 43/57 MP: 7/7
  2896 | D:5      | Entered Level 5 of the Dungeon
  2916 | D:5      | Succumbed to a water moccasin's poison

Illustrated notes

Levels and vault maps discovered:
D:1:      scummos_arrival_hexagon, layout_basic, minmay_hexomino_u4
D:2:      layout_loops_corners, kennysheep_cross_bottleneck
D:3:      kennysheep_the_goblin_king, layout_basic,
          shapermc_ecumenical_altar_mp_ritualfount, uniq_ijyb
D:4:      layout_loops_ring
D:5:      layout_cave_pools, sigmund_army

Skill      XL: |  1  2  3  4  5  6 |
---------------+-------------------+-----
Axes           | 3 4 5 |  5.4
Armour         | 3 |  3.5
Shields        | 3 |  3.3
Fighting       | 4 |  4.3
Dodging        | 1 |  1.0
Stealth        | |  0.1

Action                   |  1- 3 |  4- 6 |  7- 9 || total
-------------------------+-------+-------+-------++-------
Melee: War axe           |   118 |   115 |     9 ||   242
       Tailslap          |    10 |     9 |     1 ||    20
 Abil: Rolling Charge    |     3 |     3 |     1 ||     7
  Use: Potion            |       |     1 |     2 ||     3
       Scroll            |       |     3 |       ||     3
Armor: Scale mail        |    76 |     3 |       ||    79
       Ring mail         |       |    10 |       ||    10
       Robe              |       |    18 |     6 ||    24
Dodge: Dodged            |    56 |    34 |    12 ||   102
Block: Buckler           |    21 |    26 |     6 ||    53
